 Dungeon Crawl Stone Soup version 0.26-a0-190-g75a3d40d47 (webtiles) character file.

Game seed: 6559763830225938413

13449 tilp the Covert (level 11, -2/55 HPs)
             Began as a Spriggan Enchanter on July 4, 2020.
             Was a Priest of Ru.
             Slain by an air elemental (13 damage)
             ... on level 10 of the Dungeon.
             The game lasted 00:31:21 (15926 turns).

tilp the Covert (Spriggan Enchanter)               Turns: 15926, Time: 00:31:21

Health: -2/55      AC: 10    Str:  4    XL:     11   Next: 75%
Magic:  23/24      EV: 28    Int: 25    God:    Ru [***...]
Gold:   451        SH:  0    Dex: 18    Spells: 14/26 levels left

rFire    + . .     SeeInvis +   a - +5 dagger "Qelyp" {vorpal, rElec rPois rF+}
rCold    . . .     Faith    +   (shield restricted)
rNeg     . . .     Spirit   .   C - +3 troll leather armour {Snorg}
rPois    +         Reflect  .   (helmet restricted)
rElec    +         Harm     .   z - +2 cloak
rCorr    .                      (gloves unavailable)
MR       +....                  (boots unavailable)
Stlth    ++++++....             F - amulet of faith
HPRegen  0.58/turn              i - +6 ring of intelligence
MPRegen  0.19/turn              y - +4 ring of evasion

@: confusing touch, very quick
A: very small, unfitting armour, see invisible, herbivore, speed 3, slow
metabolism 2, inability to use devices, inability to train armour
a: Draw Out Power, Renounce Religion


You were on level 10 of the Dungeon.
You worshipped Ru.
Ru was most pleased with you.
You were hungry.

You visited 1 branch of the dungeon, and saw 11 of its levels.

You collected 631 gold pieces.
You spent 180 gold pieces at shops.

Inventory:

Hand Weapons
 a - the +5 dagger "Qelyp" (weapon) {vorpal, rElec rPois rF+}
   (You found it on level 10 of the Dungeon)

   It inflicts extra damage upon your enemies.
   It protects you from fire.
   It insulates you from electricity.
   It protects you from poison.
 b - a +1 quick blade
Missiles
 v - 10 poisoned darts (quivered)
 D - 3 throwing nets
Armour
 u - +0 ice dragon scales
 z - a +2 cloak (worn)
 C - a +3 troll leather armour (worn) {Snorg}
 I - +0 swamp dragon scales
Jewellery
 i - a +6 ring of intelligence (left hand)
 j - a +6 ring of strength
 l - a +4 ring of evasion
 q - an uncursed ring of ice
 y - a +4 ring of evasion (right hand)
 F - an amulet of faith (around neck)
Scrolls
 d - 7 scrolls of teleportation
 f - 10 scrolls of remove curse
 g - 2 scrolls of identify
 o - a scroll of enchant armour
 s - 4 scrolls of magic mapping
 x - 4 scrolls of fear
 A - 2 scrolls of fog
 B - 5 scrolls of immolation
Potions
 e - a potion of berserk rage
 h - 3 potions of lignification
 k - 6 potions of flight
 m - 2 potions of brilliance
 n - 2 potions of stabbing {unknown}
 p - 5 potions of curing
 r - 2 potions of resistance
 t - 3 potions of mutation
 w - 2 potions of might
 E - a potion of cancellation
 H - a potion of magic
 L - 2 potions of haste
 O - 2 potions of heal wounds
Comestibles
 c - 21 rations


   Skills:
 + Level 5.1 Fighting
 + Level 9.6 Short Blades
 + Level 10.5 Dodging
 + Level 13.8 Stealth
 - Level 8.0 Spellcasting
 * Level 11.3 Hexes


You had 14 spell levels left.
You knew the following spells:

 Your Spells              Type           Power        Failure   Level  Hunger
a - Corona                Hex            ######.      1%          1    None
b - Ensorcelled Hibernat  Hex/Ice        #####.       1%          2    None
c - Confusing Touch       Hex            ######..     1%          3    None
d - Tukima's Dance        Hex            ######..     1%          3    None
e - Dazzling Flash        Conj/Hex       #####.       3%          3    None

Your spell library contained the following spells:

 Spells                   Type           Power        Failure   Level  Hunger
 Freeze                   Ice            ##..         11%         1    None
 Magic Dart               Conj           ##..         11%         1    None
 Fulminant Prism          Conj/Hex       #####.....   11%         4    ##.....
 Searing Ray              Conj           ##....       16%         2    None
 Frozen Ramparts          Ice            ##....       32%         3    None
 Ozocubu's Armour         Chrm/Ice       ##......     32%         3    None
 Hailstorm                Conj/Ice       ##......     71%         4    ##.....
 Iskenderun's Mystic Bla  Conj/Tloc      ##......     71%         4    ##.....
 Summon Ice Beast         Ice/Summ       ##......     71%         4    ##.....


Dungeon Overview and Level Annotations

Branches:
Dungeon (11/15)            Temple (0/1) D:6            Lair (0/6) D:9
    Orc (0/2) D:11

Altars:
Hepliaklqana
Makhleb
Nemelex Xobeh
Ru
Sif Muna
Uskayaw
Wu Jian
Yredelemnul
Zin

Shops:
D:9 }

Annotations:
D:3 Grinder
D:6 1 runed translucent door, Crazy Yiuf
D:10 3 runed translucent doors, Flugslaktarn's ghost, novice GnFE


Innate Abilities, Weirdness & Mutations

You are very small and have problems with some larger weapons.
You are too small for most types of armour.
You have supernaturally acute eyesight. (SInv)
You are a herbivore.
You cover ground extremely quickly.
You need to consume almost no food.
You cannot study or use magical devices.
You cannot train Armour skill.


Message History

The vortex of raging winds lifts you up.
You fly up into the air.
The air elemental misses you. The air elemental misses you.
* * * LOW HITPOINT WARNING * * *
The winds around the air elemental start to calm down.
You focus your will and illuminate the air elemental in retribution!
The air elemental barely misses you.
You are engulfed in raging winds.
The air elemental closely misses you.
You float gracefully downwards.
The air elemental barely misses you.
You hit the air elemental but do no damage.
The air elemental is lightly damaged.
The air elemental barely misses you.
You hit the air elemental but do no damage.
The air elemental is lightly damaged.
The air elemental hits you!
* * * LOW HITPOINT WARNING * * *
The air elemental hits you!
You die...

#.#####.###.# #..# #.# #..##.
..)#####..#.####..# #.# #..##.
(...#..#..#.......# #.# #..##.
...).#..##........# #§#####§.##.
....####.##.......####......§.##.
)..###...##...............§§§....
#.#####.###.............####§....
#...##...##........###§§# #.....
###.#..#..#[....@E.# #§§# #.....
.....#.#.#.........# #.§# #.....
###.##...##........# #..# #.....
..#)#..#..#........# #..# #.....
#.#####.###........# #..# #.....
...................# #..# #.....
.##...####.........# #..# #.....
.##...####.........# #..# #...(.
.##................# #..# #..>..


You could see an air elemental (corona).

Vanquished Creatures
  Snorg (D:11)
  An unseen horror (D:11)
  Pikel (D:8)
  2 ugly things
  A cyclops (D:11)
  Psyche (D:8)
  A kobold demonologist (D:11)
  Maggie (D:6)
  4 trolls
  3 hippogriffs
  A water elemental (D:11)
  5 yaks
  A water moccasin (D:9)
  A porcupine (D:9)
  5 orc warriors
  4 sky beasts
  3 black bears
  9 ice beasts
  4 necrophages
  2 ogres
  A lemure (D:8)
  7 centaurs
  2 crocodiles (D:9)
  7 bullfrogs
  4 big kobolds
  A gnoll sergeant (D:10)
  A wyvern zombie (D:9)
  7 scorpions
  A water moccasin skeleton (D:11)
  10 killer bees
  8 wights
  A howler monkey (D:4)
  A quasit (D:8)
  A bullfrog zombie (D:7)
  6 hounds
  10 orc priests
  3 jellies
  2 bullfrog skeletons
  2 centaur skeletons
  An iguana (D:4)
  18 orc wizards
  5 worker ants
  4 killer bee zombies
  2 hound skeletons
  A howler monkey zombie (D:10)
  A worker ant zombie (D:9)
  5 gnolls
  12 adders
  3 shadow imps
  14 white imps
  2 ufetubi (D:5)
  An ooze (D:2)
  An adder skeleton (D:9)
  3 worms
  3 dart slugs
  7 leopard geckos
  52 orcs
  4 ball pythons
  3 bats
  6 giant cockroaches
  10 goblins
  8 hobgoblins
  A jackal (D:5)
  A quokka (D:10)
  5 frilled lizards
  A giant cockroach zombie (D:6)
  22 kobolds
  A leopard gecko zombie (D:5)
  A quokka skeleton (D:9)
  5 rats
  A spectral orc (D:2)
330 creatures vanquished.

Vanquished Creatures (others)
  A centaur (D:11)
  A killer bee (D:11)
  22 fungi (D:9)
  3 plants (D:9)
27 creatures vanquished.

Grand Total: 357 creatures vanquished

Notes
Turn   | Place    | Note
-------+----------+-------------------------------------------
     0 | D:1      | tilp the Spriggan Enchanter began the quest for the Orb.
     0 | D:1      | Reached XP level 1. HP: 9/9 MP: 5/5
   876 | D:1      | Reached XP level 2. HP: 12/13 MP: 5/7
   880 | D:1      | Learned a level 2 spell: Ensorcelled Hibernation
  1610 | D:2      | Reached skill level 5 in Stealth
  1610 | D:2      | Reached XP level 3. HP: 16/16 MP: 9/9
  2176 | D:2      | Found a burning altar of Makhleb.
  2573 | D:2      | Found a basalt altar of Yredelemnul.
  2975 | D:2      | Reached XP level 4. HP: 21/21 MP: 11/11
  3063 | D:2      | Learned a level 3 spell: Confusing Touch
  3067 | D:2      | Learned a level 3 spell: Tukima's Dance
  3190 | D:3      | Reached skill level 6 in Stealth
  4108 | D:3      | Reached XP level 5. HP: 24/24 MP: 12/12
  4343 | D:3      | Reached skill level 7 in Stealth
  4380 | D:3      | Found a sparkling altar of Nemelex Xobeh.
  4380 | D:3      | Found a transporter.
  4418 | D:3      | Noticed Grinder
  4797 | D:3      | Learned a level 3 spell: Dazzling Flash
  4828 | D:4      | Found a sacrificial altar of Ru.
  4844 | D:4      | Became a worshipper of Ru the Awakened
  4886 | D:4      | Reached XP level 6. HP: 28/28 MP: 10/13
  5080 | D:4      | Reached skill level 8 in Stealth
  5191 | D:4      | Reached skill level 5 in Short Blades
  5318 | D:4      | Noticed an ice beast
  5332 | D:4      | Killed an ice beast
  5332 | D:4      | Reached skill level 1 in Fighting
  5332 | D:4      | Reached XP level 7. HP: 33/33 MP: 11/14
  5559 | D:4      | Found a shimmering blue altar of Sif Muna.
  5889 | D:5      | Entered Level 5 of the Dungeon
  5979 | D:5      | Reached skill level 5 in Dodging
  7127 | D:5      | Reached XP level 8. HP: 40/40 MP: 15/15
  7353 | D:6      | Found a burning altar of Makhleb.
  7362 | D:6      | Found a staircase to the Ecumenical Temple.
  7387 | D:6      | Noticed a +0 dagger
  7388 | D:6      | Found a hide-covered altar of Uskayaw.
  7388 | D:6      | Noticed a +0 dagger
  7677 | D:6      | Found a sparkling altar of Nemelex Xobeh.
  7816 | D:6      | Noticed Maggie
  7825 | D:6      | Killed Maggie
  7825 | D:6      | Reached skill level 5 in Spellcasting
  7825 | D:6      | Reached skill level 5 in Hexes
  7892 | D:6      | Found a runed translucent door.
  7893 | D:6      | Noticed Crazy Yiuf
  8564 | D:7      | Noticed a hippogriff
  8585 | D:7      | Reached XP level 9. HP: 22/44 MP: 7/19
  8806 | D:7      | Reached skill level 9 in Stealth
  9139 | D:7      | Found Zin's Purification Station.
  9141 | D:7      | Found a glowing silver altar of Zin.
  9191 | D:7      | Bought 2 potions of curing for 180 gold pieces
  9198 | D:7      | Found a hazy altar of Hepliaklqana.
  9419 | D:8      | Reached skill level 10 in Stealth
  9893 | D:8      | Reached skill level 11 in Stealth
  9910 | D:8      | Noticed Psyche
  9919 | D:8      | Killed Psyche
 10044 | D:8      | Reached skill level 12 in Stealth
 10178 | D:8      | Reached XP level 10. HP: 27/49 MP: 17/20
 10378 | D:8      | Noticed Pikel
 10386 | D:8      | Killed Pikel
 10570 | D:8      | Found an ornate altar of the Wu Jian Council.
 10943 | D:9      | Found a staircase to the Lair.
 12231 | D:9      | Found Axoercha's Gadget Emporium.
 12703 | D:10     | Entered Level 10 of the Dungeon
 12718 | D:10     | Gained mutation: You cannot train Armour skill. [Ru
                  | sacrifice]
 12718 | D:10     | Reached * piety under Ru
 12779 | D:10     | Noticed a purple ugly thing
 12783 | D:10     | Killed a purple ugly thing
 13081 | D:10     | Reached XP level 11. HP: 53/53 MP: 19/22
 13094 | D:10     | Reached skill level 13 in Stealth
 13094 | D:10     | Reached skill level 10 in Hexes
 13186 | D:10     | Got a brightly glowing dagger
 13191 | D:10     | Identified the +5 dagger "Qelyp" {vorpal, rElec rPois rF+}
                  | (You found it on level 10 of the Dungeon)
 13240 | D:10     | Found a runed translucent gate.
 13240 | D:10     | Found a runed translucent gate.
 13241 | D:10     | Found a runed translucent gate.
 13246 | D:10     | Noticed Flugslaktarn's ghost (novice GnFE)
 14055 | D:11     | Found a frozen archway.
 14278 | D:11     | Noticed a red ugly thing
 14282 | D:11     | Killed a red ugly thing
 14398 | D:11     | Gained mutation: You cannot study or use magical devices.
                  | [Ru sacrifice]
 14398 | D:11     | Reached ** piety under Ru
 14398 | D:11     | Reached *** piety under Ru
 14477 | D:11     | Noticed Snorg
 14482 | D:11     | Killed Snorg
 14482 | D:11     | Reached skill level 10 in Dodging
 14568 | D:11     | Found a large runed translucent door.
 14568 | D:11     | Found a large runed translucent door.
 15149 | D:11     | Noticed an unseen horror
 15154 | D:11     | Killed an unseen horror
 15154 | D:11     | Reached skill level 5 in Fighting
 15244 | D:11     | Found a staircase to the Orcish Mines.
 15926 | D:10     | Slain by an air elemental

Illustrated notes

Levels and vault maps discovered:
D:1:      wheals_arrival_shading, layout_loops_corners
D:2:      layout_loops_corners, yredelemnul_forgotten_temple_becter,
          old_standard_altar, hangedman_glass_teeth
D:3:      cheibrodos_old_hovel, layout_loops_ring, grunt_nemelex_the_gamble,
          uniq_grinder
D:4:      layout_basic, kennysheep_mini_moat,
          nicolae_ru_great_annihilating_truth, first_ration
D:5:      minmay_chambers_of_threes, layout_basic
D:6:      layout_loops_cross, dancing_weapons_uskayaw, kennysheep_mini,
          minmay_temple_entry_overgrown, basic_altar, uniq_crazy_yiuf_cottage,
          uniq_maggie
D:7:      layout_loops_ring, old_standard_altar, zin_purify, serial_glass,
          glass_columns_c, glass_columns_b
D:8:      layout_gridville, lemuel_coloured_pillars_altar, uniq_psyche,
          uniq_pikel
D:9:      layout_long_grid, due_lair_maze_entry_diamond, serial_shops,
          nicolae_shop_statue_plus
D:10:     minmay_the_grid_square_5x5_3x3
          [minmay_the_grid_square_5x5_almost_minimal,
          minmay_the_grid_square_5x5_forky,
          minmay_the_grid_square_5x5_misaligned,
          minmay_the_grid_square_5x5_bite,
          minmay_the_grid_square_5x5_megaprize_hollow,
          minmay_the_grid_square_5x5_tetrominoes,
          minmay_the_grid_square_5x5_minivault, minmay_the_grid_square_5x5_six,
          minmay_the_grid_square_5x5_checkered_statues], layout_long_grid,
          gammafunk_ghost_split
D:11:     layout_irregular_city, orc_0_dummy, portal_ice_cave_entry_imps,
          grunt_ogre_cave, lightli_elemental_guards, uniq_snorg

Skill      XL: |  1  2  3  4  5  6  7  8  9 10 11 |
---------------+----------------------------------+-----
Spellcasting   | 3 4 6 7 8 |  8.0
Stealth        | 5 6 7 8 12 13 | 13.8
Short Blades   | 2 3 4 5 8 9 |  9.6
Fighting       | 1 3 4 5 |  5.1
Dodging        | 4 7 8 9 10 | 10.5
Hexes          | 8 9 11 | 11.3

Action                   |  1- 3 |  4- 6 |  7- 9 | 10-12 || total
-------------------------+-------+-------+-------+-------++-------
Melee: Dagger            |   140 |   161 |   363 |   569 ||  1233
Throw: Dart              |       |       |       |     2 ||     2
 Cast: Corona            |     5 |       |       |       ||     5
       Ensorcelled Hiber |     8 |    33 |    60 |    93 ||   194
       Confusing Touch   |       |     1 |     8 |    28 ||    37
       Dazzling Flash    |       |       |     1 |     4 ||     5
Invok: Reject Sacrifices |       |       |     1 |       ||     1
       Sacrifice Durabil |       |       |       |     1 ||     1
       Sacrifice Artific |       |       |       |     1 ||     1
  Use: Scroll            |     2 |     8 |     8 |     8 ||    26
       Potion            |       |     3 |       |     1 ||     4
 Stab: Sleeping          |    23 |    24 |    47 |    68 ||   162
       Paralysed         |       |     1 |       |       ||     1
       Confused          |       |     1 |     9 |    20 ||    30
       Distracted        |       |       |       |     2 ||     2
       Invisible         |       |       |       |     2 ||     2
  Eat: Ration            |       |     1 |     3 |     3 ||     7
Armor: Robe              |    11 |     9 |    14 |     8 ||    42
       Troll leather arm |       |       |       |    40 ||    40
Dodge: Dodged            |    96 |    84 |   274 |   499 ||   953

Table legend:
 A = Non-vault XP
 B = Vault XP
 C = Vault XP percentage of total XP
 D = Non-vault monster count
 E = Vault monster count
 F = Vault count percentage of total count
                 A         B        C        D         E       F
            +---------+---------+-------+---------+---------+-------
      Total |   13723 |    5490 |  28.6 |     274 |      55 |  16.7
            +---------+---------+-------+---------+---------+-------
        D:1 |      34 |       0 |   0.0 |      20 |       0 |   0.0
        D:2 |      67 |       1 |   1.5 |      23 |       1 |   4.2
        D:3 |     215 |       3 |   1.4 |      36 |       1 |   2.7
        D:4 |     389 |      42 |   9.7 |      14 |       4 |  22.2
        D:5 |     433 |     242 |  35.9 |      15 |      11 |  42.3
        D:6 |     816 |     379 |  31.7 |      19 |       1 |   5.0
        D:7 |    1151 |       0 |   0.0 |      18 |       0 |   0.0
        D:8 |    1731 |    1213 |  41.2 |      26 |       3 |  10.3
        D:9 |    2291 |     896 |  28.1 |      43 |       9 |  17.3
       D:10 |    2002 |    1247 |  38.4 |      21 |      19 |  47.5
       D:11 |    4594 |    1467 |  24.2 |      39 |       6 |  13.3
            +---------+---------+-------+---------+---------+-------
